 Dungeon Crawl Stone Soup version bcrawl-1.37.2 (webtiles) character file.

Game seed: 7225970358593632204

259181 Coyote68 the Insei (level 7, -1/54 HPs)
             Began as a Human Martial Artist on Nov 23, 2022.
             Was a Priest of Wu Jian.
             Slain by a sky beast (3 damage)
             ... on level 4 of the Dungeon.
             The game lasted 00:12:14 (2965 turns).

Coyote68 the Insei (Human Martial Artist)           Turns: 2965, Time: 00:12:15

Health: -1/54      AC:  2    Str: 12    XL:     7   Next: 85%
Magic:  8/8        EV: 15    Int: 10    God:    Wu Jian [***...]
Gold:   252        SH:  0    Dex: 17    Spells: 7/8 levels left

rFire    . . .     GDR:     28%   - Fists (12.2)
rCold    . . .     SeeInvis .   (no shield)
rNeg     . . .     Gourm    .   a - +0 robe
rPois    .         Faith    .   (no helmet)
rElec    .         Spirit   .   (no cloak)
rCorr    +         Reflect  .   (no gloves)
MR       .....                  (no boots)
Stlth    +++.......             (no amulet)
HPRegen  0.19/turn              k - ring of resist corrosion
MPRegen  0.11/turn              (no ring)

@: no status effects
A: no striking features
a: Wall Jump, Serpent's Lash, Renounce Religion


You were on level 4 of the Dungeon.
You worshipped Wu Jian.
Wu Jian was most pleased with you.
You were not hungry.

You visited 1 branch of the dungeon, and saw 4 of its levels.

You collected 252 gold pieces.

Inventory:

Armour
 a - a +0 robe (worn)
Jewellery
 k - a ring of resist corrosion (left hand)
Wands
 o - a wand of polymorph (6)
Scrolls
 c - 2 scrolls of enchant weapon
 f - a scroll of remove curse
 h - 3 scrolls of blinking
 i - 2 scrolls of identify
 j - a scroll of magic mapping
 n - a scroll of teleportation
Potions
 b - a potion of agility
 g - a potion of cancellation {unknown}
 m - a potion of flight
Comestibles
 e - 2 rations {!d}


   Skills:
 + Level 4.1 Fighting
 + Level 4.8 Dodging
 + Level 3.6 Stealth
 + Level 7.9 Unarmed Combat
 + Level 1.0 Spellcasting
 + Level 1.1 Hexes


You had 7 spell levels left.
You knew the following spells:

 Your Spells              Type           Power        Failure   Level  Hunger
a - Confusing Touch       Hex            #.......     22%         1    None
Your spell library was empty.

Dungeon Overview and Level Annotations

Branches:
Dungeon (4/12)
 Temple: D:4-7

Altars:
Wu Jian

Annotations:
D:3 1 runed door


Message History

You closely miss something. Your punch misses something. Something hits you.
Something shocks you.
You closely miss something. Something hits you. Something shocks you.
* * * LOW HITPOINT WARNING * * *
You miss something. You closely miss something. Something hits you.
* * * LOW HITPOINT WARNING * * *
Something shocks you.
* * * LOW HITPOINT WARNING * * *
You punch something! Something hits you but does no damage.
You miss something. Something hits you.
* * * LOW HITPOINT WARNING * * *
Something shocks you.
* * * LOW HITPOINT WARNING * * *
You barely miss something. Something hits you but does no damage.
You hit something but do no damage. You miss something.
A sky beast appears from thin air!
Reactivating autopickup.
The sky beast hits you.
You die...

#... #... #.... ###
#....##.############
#.............#....#
#......Y@.....#....#
#......)......#....#
#.............#....#
#.............#....#
#.............'.>..#
#....##.##.####.##.#
#....
#.#######.##.###
#...
...........#...# #..
.... .......#...#


You could see a sky beast.

Vanquished Creatures
  Grinder (D:4)
  Sigmund (D:2)
  An ogre (D:3)
  A scorpion (D:4)
  A bullfrog zombie (D:3)
  Ijyb (D:3)
  3 adders
  2 oozes
  2 worms
  3 dart slugs
  6 leopard geckos
  4 orcs
  3 giant cockroaches (D:1)
  6 goblins
  5 hobgoblins
  A jackal (D:2)
  9 kobolds
  3 quokkas
  5 ball pythons
  6 bats
  7 frilled lizards
  10 rats
81 creatures vanquished.

Notes
Turn   | Place    | Note
-------+----------+-------------------------------------------
     0 | D:1      | Coyote68 the Human Martial Artist began the quest for the
                  | Orb.
     0 | D:1      | Reached XP level 1. HP: 18/18 MP: 2/2
    69 | D:1      | Reached XP level 2. HP: 24/24 MP: 3/3
   168 | D:1      | Reached XP level 3. HP: 24/29 MP: 4/4
   203 | D:1      | Reached ** piety under Wu Jian
   682 | D:2      | Reached skill level 5 in Unarmed Combat
   682 | D:2      | Reached XP level 4. HP: 35/35 MP: 5/5
  1240 | D:2      | Noticed Sigmund
  1268 | D:2      | Killed Sigmund
  1269 | D:2      | Reached skill level 6 in Unarmed Combat
  1269 | D:2      | Reached XP level 5. HP: 20/42 MP: 6/6
  1269 | D:2      | Reached XP level 6. HP: 22/48 MP: 7/7
  1704 | D:3      | Found an ornate altar of the Wu Jian Council.
  1717 | D:3      | Noticed an ogre
  1727 | D:3      | Killed an ogre
  1728 | D:3      | Reached skill level 7 in Unarmed Combat
  1728 | D:3      | Reached XP level 7. HP: 27/53 MP: 8/8
  2377 | D:3      | Noticed Ijyb
  2388 | D:3      | Killed Ijyb
  2582 | D:3      | Found a runed door.
  2664 | D:3      | Found a faded altar of an unknown god.
  2709 | D:3      | Reached *** piety under Wu Jian
  2782 | D:4      | Noticed Grinder
  2793 | D:4      | Paralysed by Grinder for 2 turns
  2818 | D:4      | Killed Grinder
  2962 | D:4      | HP: 2/54 [something (6)]
  2965 | D:4      | Slain by a sky beast

Skill      XL: |  1  2  3  4  5  6  7 |
---------------+----------------------+-----
Unarmed Combat | 5 6 7 |  7.9
Dodging        | 4 |  4.8
Stealth        | 2 3 |  3.6
Fighting       | 4 |  4.1
Spellcasting   | |  1.0
Hexes          | |  1.1

Action                   |  1- 3 |  4- 6 |  7- 9 || total
-------------------------+-------+-------+-------++-------
Melee: Unarmed           |    97 |   103 |    86 ||   286
       Punch             |     2 |     3 |     2 ||     7
Invok: Lunge             |    15 |    10 |     7 ||    32
       Whirlwind         |    20 |    13 |    17 ||    50
  Use: Scroll            |     4 |     5 |       ||     9
       Potion            |       |       |     1 ||     1
 Stab: Sleeping          |     3 |     3 |     3 ||     9
  Eat: Chunk             |     1 |     6 |     4 ||    11
       Ration            |       |       |     1 ||     1
Armor: Robe              |    13 |     4 |     5 ||    22
Dodge: Dodged            |    57 |    53 |    24 ||   134
